 Dungeon Crawl Stone Soup version 0.29-a0-207-gf982a884d8 (webtiles) character file.

Game seed: 10934134453682711956

3957 Zeldest the Fighter (level 10, -3/91 HPs)
             Began as a Purple Draconian Monk on Feb 23, 2022.
             Was a Priest of Wu Jian.
             Slain by a wolf (4 damage)
             ... led by Grum
             ... on level 7 of the Dungeon.
             The game lasted 00:12:17 (8005 turns).

Zeldest the Fighter (Purple Draconian Monk)         Turns: 8005, Time: 00:12:18

Health: -3/91      AC:  8    Str: 14    XL:     10   Next: 2%
Magic:  10/10      EV: 16    Int: 11    God:    Wu Jian [***...]
Gold:   406        SH:  6    Dex: 17    Spells: 9/9 levels left

rFire   . . .      SeeInvis .   a - +2 falchion (freeze)
rCold   . . .      Faith    .   t - +0 buckler
rNeg    . . .      Spirit   .   (body armour unavailable)
rPois   .          Reflect  .   (helmet restricted)
rElec   .          Harm     .   (no cloak)
rCorr   .          Rampage  .   (no gloves)
Will    ++...                   o - +0 pair of boots
Stlth   ++........              (no amulet)
HPRegen 0.25/turn               m - ring of wizardry
MPRegen 0.12/turn               (no ring)

@: no status effects
A: breathe power, AC +7, unfitting armour, cold-blooded, hooves 1, strong-willed
1, devolution 1
a: Breathe Dispelling Energy, Renounce Religion, Wall Jump, Serpent's Lash


You were on level 7 of the Dungeon.
You worshipped Wu Jian.
Wu Jian was most pleased with you.
You visited 2 branches of the dungeon, and saw 9 of its levels.
You visited the Abyss 1 time.

You collected 406 gold pieces.

Inventory:

Hand Weapons
 a - a +2 falchion of freezing (weapon)
 h - a +0 dagger of distortion
 l - a +2 dagger of venom
Missiles
 w - a throwing net (quivered)
Armour
 o - a +0 pair of boots (worn)
 t - a +0 buckler (worn)
Jewellery
 d - an amulet of magic regeneration
 m - a ring of wizardry (left hand)
 r - a +6 ring of intelligence
Wands
 e - a wand of flame (10)
Scrolls
 c - 3 scrolls of amnesia
 g - a scroll of teleportation {unknown}
 j - 3 scrolls of vulnerability
 n - 2 scrolls of blinking {unknown}
 q - a scroll of fear {unknown}
 u - a scroll of immolation {unknown}
 v - 2 scrolls of identify
 x - a scroll of summoning {unknown}
Potions
 f - 3 potions of flight
 p - a potion of might {unknown}
 s - a potion of magic {unknown}
 z - a potion of attraction {unknown}


   Skills:
 + Level 9.0 Fighting
 + Level 8.2 Long Blades
 + Level 7.4 Dodging
 - Level 1.7 Stealth
 + Level 5.8 Shields


You had 9 spell levels left.
You didn't know any spells.
Your spell library contained the following spells:

 Spells                   Type           Power      Damage    Failure   Level
 Sting                    Tmut/Pois      0%         1d3       17%         1
 Poisonous Vapours        Pois/Air       0%         N/A       26%         2
 Olgreb's Toxic Radiance  Pois           0%         N/A       85%         4


Dungeon Overview and Level Annotations

Branches:
Dungeon (8/15)             Temple (1/1) D:4
   Lair: D:8-11

Altars:
Cheibriados
Fedhas
Gozag
Kikubaaqudgha
Makhleb
Nemelex Xobeh
Okawaru
Qazlal
Ru
Sif Muna
Trog
Uskayaw
Wu Jian
Xom
Yredelemnul
The Shining One

Shops:
D:3 (

Annotations:
D:8 Grum


Innate Abilities, Weirdness & Mutations

You can breathe bolts of dispelling energy.
Your rich purple scales are hard. (AC +7)
You cannot fit into any form of body armour.
You are cold-blooded and may be slowed by cold attacks.
You have large cloven feet.
You are strong-willed. (Will+)
You have hidden genetic defects.


Message History

Your tail-slap misses the wolf.
The wolf is heavily wounded.
The wolf bites you.
* * * LOW HITPOINT WARNING * * *
The wolf closely misses you. The wolf misses you. The bullfrog hits you!
* * * LOW HITPOINT WARNING * * *
You see here a +0 dagger.
Really quaff the potion of lignification?
You turn into a tree.
Your +0 pair of boots melds into your body.
Your roots penetrate the ground.
The wolf bites you but does no damage. You block the wolf's attack.
The bullfrog hits you but does no damage.
The wolf bites you but does no damage.
You barely miss the wolf.
The wolf is heavily wounded.
The wolf barely misses you.
The bullfrog hits you but does no damage.
The wolf bites you but does no damage. The wolf bites you.
* * * LOW HITPOINT WARNING * * *
The bullfrog hits you.
* * * LOW HITPOINT WARNING * * *
It was a potion of mutation.
You feel extremely strange.
Your feet thicken and deform.
You feel a hidden malignance growing inside you.
You feel strong-willed. The wolf bites you.
* * * LOW HITPOINT WARNING * * *
The wolf bites you but does no damage.
The bullfrog hits you but does no damage.
You block the wolf's attack. The wolf completely misses you.
It was a potion of cancellation.
Your magical effects are unravelling.
You feel magically purged.
You feel less wooden.
Your +0 pair of boots unmelds from your body.
The wolf closely misses you.
The bullfrog hits you but does no damage.
You block the wolf's attack. The wolf bites you.
You die...

........# ####.........##...##
........# ####........##..#......
.....<..###......................
........#....##................#.
#.............#............#...##
##..............>..........##....
.#......................##.......
..##...........F........##.......
.....####.....(h@....#..##.......
.....###.......h)...##...........
...#.............#..##.#........#
######........####..##.#........#
.# #........# #..##.#..#...... ##
#^.##....####.....#####..... ##
##.####...........##.#.....#
.######..###....................#
...##....#.#.....................


You could see 2 wolves and a bullfrog.

Vanquished Creatures
  Harold (D:7)
  Pikel (D:4)
  Grinder (D:4)
  Sigmund (D:2)
  2 water moccasins
  3 ice beasts
  Duvessa (D:4)
  An orc warrior (D:6)
  2 sky beasts (D:7)
  An ogre (D:6)
  2 necrophages (D:5)
  A wolf (D:7)
  A phantom (D:4)
  2 centaurs
  A lemure (D:4)
  A kobold brigand (D:7)
  A bullfrog (D:6)
  A scorpion (D:4)
  Dowan (D:4)
  2 water moccasin skeletons
  3 wights
  A jelly (D:6)
  An orc priest (D:4)
  3 hounds
  A bullfrog skeleton (D:6)
  A gnoll shaman (D:5)
  A centaur skeleton (D:7)
  Jessica (D:2)
  Terence (D:2)
  3 iguanas
  2 orc wizards
  7 gnolls
  A howler monkey skeleton (D:4)
  8 adders
  An adder skeleton (D:4)
  2 dart slugs (D:2)
  9 orcs
  4 bats
  6 endoplasms
  5 giant cockroaches
  7 goblins
  10 hobgoblins
  4 quokkas
  8 ball pythons
  2 frilled lizards
  11 kobolds
  2 rats
132 creatures vanquished.

Vanquished Creatures (others)
  An orc (D:8)
1 creature vanquished.

Grand Total: 133 creatures vanquished

Notes
Turn   | Place    | Note
-------+----------+-------------------------------------------
     0 | D:1      | Zeldest the Draconian Monk began the quest for the Orb.
     0 | D:1      | Reached XP level 1. HP: 19/19 MP: 1/1
   142 | D:1      | Reached XP level 2. HP: 17/26 MP: 2/2
   539 | D:1      | Reached XP level 3. HP: 33/33 MP: 3/3
   667 | D:1      | Found a faded altar of an unknown god.
   723 | D:1      | Cast into level 1 of the Abyss (kobold)
   729 | D:1      | Escaped the Abyss
  1302 | D:2      | Reached skill level 4 in Fighting
  1340 | D:2      | Found a burning altar of Makhleb.
  1604 | D:2      | Reached XP level 4. HP: 24/40 MP: 4/4
  1894 | D:2      | Noticed Sigmund
  1895 | D:2      | Noticed Jessica
  1951 | D:2      | Killed Sigmund
  1952 | D:2      | Reached XP level 5. HP: 32/47 MP: 5/5
  1957 | D:2      | Killed Jessica
  1958 | D:2      | Reached skill level 5 in Fighting
  2208 | D:2      | Reached XP level 6. HP: 56/56 MP: 6/6
  2390 | D:2      | Noticed Terence
  2393 | D:2      | Killed Terence
  2892 | D:3      | Found Ulijeak's Antique Weapon Emporium.
  3396 | D:4      | Found a staircase to the Ecumenical Temple.
  3402 | Temple   | Entered the Ecumenical Temple
  3426 | Temple   | Became a worshipper of the Wu Jian Council
  3426 | Temple   | Reached * piety under Wu Jian
  3426 | Temple   | Reached ** piety under Wu Jian
  3503 | D:4      | Reached skill level 5 in Long Blades
  3681 | D:4      | Noticed Grinder
  3685 | D:4      | Noticed Pikel
  3685 | D:4      | Noticed Duvessa
  3686 | D:4      | Noticed Dowan
  3697 | D:4      | Paralysed by Grinder for 4 turns
  3703 | D:5      | Entered Level 5 of the Dungeon
  4003 | D:5      | Noticed a water moccasin
  4027 | D:5      | Killed a water moccasin
  4028 | D:5      | Your scales start taking on a rich purple colour.
  4028 | D:5      | Reached XP level 7. HP: 43/62 MP: 7/7
  4224 | D:5      | Reached skill level 6 in Fighting
  4224 | D:5      | Reached skill level 5 in Dodging
  4330 | D:5      | Reached skill level 1 in Shields
  4827 | D:4      | Killed Dowan
  4828 | D:4      | Reached XP level 8. HP: 61/71 MP: 8/8
  4858 | D:4      | Killed Pikel
  4859 | D:4      | Reached skill level 7 in Fighting
  5057 | D:4      | Paralysed by Grinder for 3 turns
  5074 | D:4      | Killed Grinder
  5342 | D:4      | Killed Duvessa
  5953 | D:5      | Reached XP level 9. HP: 69/80 MP: 9/9
  6599 | D:6      | Reached skill level 8 in Fighting
  7078 | D:6      | Reached *** piety under Wu Jian
  7154 | D:7      | Reached skill level 5 in Shields
  7423 | D:7      | Noticed Harold
  7448 | D:7      | Killed Harold
  7777 | D:7      | Found a shimmering blue altar of Sif Muna.
  7790 | D:7      | Reached skill level 9 in Fighting
  7856 | D:7      | Reached XP level 10. HP: 91/91 MP: 10/10
  7975 | D:8      | Noticed Grum
  8003 | D:7      | HP: 5/136 [wolf[Grum] (4)]
  8004 | D:7      | Gained mutation: You have large cloven feet. [potion of
                  | mutation]
  8004 | D:7      | Gained mutation: You have hidden genetic defects. [potion
                  | of mutation]
  8004 | D:7      | Gained mutation: You are strong-willed. (Will+) [potion of
                  | mutation]
  8004 | D:7      | HP: 2/136 [wolf[Grum] (2)]
  8005 | D:7      | Slain by a wolf

Illustrated notes

Levels and vault maps discovered:
D:1:      wander_arrival_peaceful_grave, layout_loops_corners,
          hellmonk_ecumenical_altar_inner_sanctum
D:2:      layout_basic, basic_altar, minmay_pentomino_s4, uniq_sigmund,
          uniq_jessica, uniq_terence
D:3:      layout_basic, serial_shops, nicolae_shop_advertising_works
          [nicolae_subvault_shop_adworks]
D:4:      layout_loops_cross, minmay_temple_entry_drinking_statues, uniq_pikel,
          uniq_duvessa, uniq_grinder
D:5:      layout_basic, kennysheep_generic_room_9
D:6:      layout_basic, serial_glass, glass_columns_c, glass_columns_a,
          glass_columns_b, glass_columns_c, glass_columns_b, glass_columns_b
D:7:      layout_cave_pools, mainiacjoe_overflow_small_starburst,
          minmay_misc_feat_rugged, uniq_harold
D:8:      layout_rooms, st_stairs_1, lemuel_flamethrower_2, uniq_grum,
          uniq_psyche
Temple:   nicolae_temple_the_god_donut

Skill      XL: |  1  2  3  4  5  6  7  8  9 |
---------------+----------------------------+-----
Dodging        | 3 4 5 6 7 |  7.4
Fighting       | 4 5 6 7 9 |  9.0
Long Blades    | 4 5 6 7 8 |  8.2
Shields        | 1 3 5 |  5.8
Stealth        | |  1.7

Action                   |  1- 3 |  4- 6 |  7- 9 | 10-12 || total
-------------------------+-------+-------+-------+-------++-------
Melee: Falchion          |   116 |    10 |   186 |    28 ||   340
       Tailslap          |    16 |    20 |    53 |     6 ||    95
       Punch             |     1 |     3 |       |       ||     4
       Dagger            |       |   151 |   136 |       ||   287
Invok: Lunge             |       |     5 |    10 |       ||    15
       Whirlwind         |       |     5 |    12 |    10 ||    27
 Abil: Breathe Dispellin |       |       |     7 |     1 ||     8
       Wall Jump         |       |       |     2 |     2 ||     4
  Use: Potion            |       |     1 |     3 |     3 ||     7
       Scroll            |       |     1 |     4 |       ||     5
 Stab: Sleeping          |     3 |     8 |     1 |       ||    12
Armor: Skin              |    27 |    37 |    66 |    17 ||   147
Dodge: Dodged            |    82 |    83 |   157 |    36 ||   358
Block: Buckler           |       |       |    76 |    20 ||    96

Table legend: (Time is in decaauts)
 A = Elapsed time spent in this place.
 B = Non-inter-level travel time spent in this place.
 C = Inter-level travel time spent in this place.
 D = Time resting spent in this place.
 E = Time spent auto-exploring this place.
 F = Levels seen in this place.
 G = Mean time per level.
                   A        B        C        D        E       F      G
               +--------+--------+--------+--------+--------+-----+--------+
         Total |   7989 |   7660 |    329 |   2775 |   3526 |  10 |  798.9 |
       Dungeon |   7935 |   7630 |    305 |   2775 |   3526 |   8 |  991.9 |
        Temple |     48 |     24 |     24 |      0 |      0 |   1 |   48.0 |
         Abyss |      5 |      5 |      0 |      0 |      0 |   1 |    5.0 |
               +--------+--------+--------+--------+--------+-----+--------+

Top non-repeatable levels by time:
     D:4: 1579 daAuts
     D:5: 1513 daAuts
     D:2: 1256 daAuts
     D:1: 1252 daAuts
     D:7: 849 daAuts
     D:3: 797 daAuts
     D:6: 676 daAuts
  Temple: 48 daAuts
     D:8: 9 daAuts
 Abyss:1: 5 daAuts
